 Dungeon Crawl Stone Soup version 0.26-a0-259-g1effd001a9 (webtiles) character file.

Game seed: 16096180623934931751

165 drasked the Conjurer (level 5, -3/28 HPs)
             Began as a Deep Elf Conjurer on July 14, 2020.
             Killed by divine providence
             ... invoked by an orc priest
              (13 damage)
             ... on level 2 of the Dungeon.
             The game lasted 00:04:47 (2447 turns).

drasked the Conjurer (Deep Elf Conjurer)            Turns: 2447, Time: 00:04:48

Health: -3/28      AC:  4    Str:  4    XL:     5   Next: 21%
Magic:  1/11       EV: 12    Int: 24    God:
Gold:   58         SH:  6    Dex: 13    Spells: 7/10 levels left

rFire    . . .     SeeInvis .   h - +0 short sword (venom)
rCold    . . .     Faith    .   m - +2 buckler
rNeg     . . .     Spirit   .   a - +0 robe
rPois    .         Reflect  .   (no helmet)
rElec    .         Harm     .   j - +1 cloak
rCorr    .                      (no gloves)
MR       .....                  (no boots)
Stlth    ++........             (no amulet)
HPRegen  0.09/turn              (no ring)
MPRegen  0.12/turn              (no ring)

@: no status effects
A: no striking features
a: no special abilities


You were on level 2 of the Dungeon.
You were not hungry.

You visited 1 branch of the dungeon, and saw 3 of its levels.

You collected 58 gold pieces.

Inventory:

Hand Weapons
 h - a +0 short sword of venom (weapon)
   (You took it off a kobold on level 1 of the Dungeon)
Armour
 a - a +0 robe (worn)
 j - a +1 cloak (worn)
   (You found it on level 1 of the Dungeon)
 m - a +2 buckler (worn)
   (You found it on level 1 of the Dungeon)
Scrolls
 g - a scroll of fear
 p - a scroll of enchant armour
 w - a scroll of remove curse
Potions
 c - a potion of mutation {unknown}
 d - a potion of brilliance
 f - a potion of ambrosia {unknown}
 k - a potion of lignification {!q!q}
 n - a potion of stabbing
Comestibles
 e - 12 rations


   Skills:
 - Level 2.4 Dodging
 - Level 2.4 Stealth
 * Level 2.5 Shields
 - Level 3.0 Spellcasting
 + Level 6.1 Conjurations


You had 7 spell levels left.
You knew the following spells:

 Your Spells              Type           Power        Failure   Level
a - Magic Dart            Conj           ####         1%          1
b - Searing Ray           Conj           ####..       1%          2

Your spell library contained the following spells:

 Spells                   Type           Power        Failure   Level
 Dazzling Flash           Conj/Hex       ###...       11%         3
 Fulminant Prism          Conj/Hex       ###.......   36%         4
 Iskenderun's Mystic Bla  Conj/Tloc      ###.....     36%         4


Dungeon Overview and Level Annotations

Branches:
Dungeon (3/15)

Altars:
Nemelex Xobeh
Okawaru
Sif Muna
The Shining One

Annotations:
D:3 Sigmund


Message History

The magic dart hits the adder.
Aim: an adder (severely wounded)
The magic dart hits the adder.
* * * LOW MAGIC WARNING * * *
The adder barely misses you. The adder closely misses you.
Aim: an adder (almost dead)
The magic dart hits the adder.
* * * LOW MAGIC WARNING * * *
The adder closely misses you.
Aim: an adder (almost dead)
The magic dart hits the adder.
You kill the adder!
Your Conjurations skill increases to level 6!
* * * LOW MAGIC WARNING * * *
An orc wizard comes into view. It is wielding a +0 dagger.
Aim: an orc, wielding a -3 hand axe (heavily wounded)
The magic dart hits the orc.
You kill the orc!
* * * LOW MAGIC WARNING * * *
Aim: an orc, quivering 3 boomerangs The magic dart hits the orc.
* * * LOW MAGIC WARNING * * *
The orc throws a boomerang.
You block the boomerang.
The weapon returns to the orc!
You don't have enough magic to cast that spell.
The orc throws a boomerang.
You block the boomerang.
The weapon returns to the orc!
You climb upwards.
There is a stone staircase leading down here.
You see here a -1 dagger.
You start resting.
You eat one of the 13 rations.
That ration really hit the spot!
You see here 17 stones.
There is a stone staircase leading down here.
You climb downwards.
Level annotation: Sigmund A rat and an orc come into view.
Found a chain mail.
Found a stone staircase leading down.
There is a stone staircase leading up here.
Aim: an orc, wielding a +0 flail and wearing a cursed +0 leather armour (asleep)
The magic dart hits the orc.
The orc shouts!
You hear a shout! x4
Aim: an orc, wielding a +0 flail and wearing a cursed +0 leather armour (almost dead)
The magic dart hits the orc.
You kill the orc!
Aim: a rat The magic dart hits the rat.
You kill the rat!
You start resting.
A centaur skeleton comes into view.
An orc comes into view. It is wielding a +0 trident.
There are monsters nearby!
Aim: a centaur skeleton (wandering, hasn't noticed you)
The magic dart hits the centaur skeleton.
Aim: a centaur skeleton (lightly damaged)
The magic dart hits the centaur skeleton!
Aim: an orc, wielding a +0 trident The magic dart hits the orc.
An orc priest comes into view. It is wielding a +0 morningstar.
Aim: an orc, wielding a +0 trident (almost dead)
The magic dart hits the orc.
You kill the orc!
You have reached level 5!
Aim: a centaur skeleton (moderately damaged)
The magic dart hits the centaur skeleton.
* * * LOW MAGIC WARNING * * *
The centaur skeleton hits you.
Aim: a centaur skeleton (heavily damaged)
The magic dart hits the centaur skeleton.
* * * LOW MAGIC WARNING * * *
The centaur skeleton closely misses you.
Aim: a centaur skeleton (severely damaged)
The magic dart hits the centaur skeleton!
* * * LOW MAGIC WARNING * * *
The centaur skeleton hits you but does no damage.
You block the centaur skeleton's attack.
Aim: a centaur skeleton (almost destroyed)
The magic dart hits the centaur skeleton.
You destroy the centaur skeleton!
* * * LOW MAGIC WARNING * * *
The orc priest closely misses you.
You don't have enough magic to cast that spell.
The orc priest invokes the aid of Beogh against you.
Pain shoots through your body!
* * * LOW HITPOINT WARNING * * *
You climb upwards.
There is a stone staircase leading down here.
The orc priest calls down the wrath of Beogh upon you.
Pain shoots through your body!
* * * LOW HITPOINT WARNING * * *
The orc priest casts a cantrip, but nothing happens.
Aim: an orc priest, wielding a +0 morningstar The magic dart hits the orc priest.
* * * LOW MAGIC WARNING * * *
Aim: an orc priest, wielding a +0 morningstar (lightly wounded)
The magic dart hits the orc priest.
* * * LOW MAGIC WARNING * * *
The orc priest calls down the wrath of Beogh upon you.
Beogh smites you!
You die...

........# #.# #.# #######.# #.#
#.# #.# #.# #.# #######.##### #.#
#.# ............# #.# #.#
.######.###.# ###.###.# .# #.#
#.# ##.......# .# #(#
#.##########....##### .#
####.###.....@.o.......# ##
#.......###########...##
##.##.##.###########...######
###........>..#....o..........#
#....##.........######...####.###
.................<# #...........
)#.....#..........# ########.###
###...###.....(...# #########.#
.#..#..#..........###.........#


You could see an orc priest.

Levels and vault maps discovered:
D:1:      lightli_molten_gateway, layout_basic
D:2:      layout_loops_ring, okawaru_altar_gauntlet_db,
          lemuel_coloured_pillars_altar, gammafunk_temple_overflow_wave,
          minmay_strange_pillars
D:3:      layout_loops_ring, kennysheep_slug_shrine, uniq_sigmund, uniq_jessica,
          uniq_grinder

Notes
Turn   | Place    | Note
-------+----------+-------------------------------------------
     0 | D:1      | drasked the Deep Elf Conjurer began the quest for the Orb.
     0 | D:1      | Reached XP level 1. HP: 10/10 MP: 6/6
   183 | D:1      | Identified a +0 whip
   185 | D:1      | Reached XP level 2. HP: 15/15 MP: 5/8
   231 | D:1      | Identified a +0 club
   232 | D:1      | Reached skill level 5 in Conjurations
   253 | D:1      | Identified a +0 club
   279 | D:1      | Identified a +0 short sword of draining
   312 | D:1      | Identified a +0 short sword of venom
   317 | D:1      | Identified a +0 whip
   349 | D:1      | Identified a cursed -1 dagger (You found it on level 1 of
                  | the Dungeon)
   350 | D:1      | Identified a scroll of identify
   350 | D:1      | Identified a potion of brilliance
   351 | D:1      | Identified a scroll of blinking
   950 | D:1      | Identified a +0 cloak (You found it on level 1 of the
                  | Dungeon)
   955 | D:1      | Identified a +2 buckler (You found it on level 1 of the
                  | Dungeon)
   965 | D:1      | Learned a level 2 spell: Searing Ray
  1012 | D:2      | Reached XP level 3. HP: 19/19 MP: 6/9
  1126 | D:2      | Identified a +0 dagger
  1237 | D:2      | Identified a +0 dagger
  1268 | D:2      | Reached skill level 1 in Shields
  1287 | D:2      | Reached XP level 4. HP: 15/24 MP: 0/10
  1397 | D:2      | Found an iron altar of Okawaru.
  1437 | D:2      | Identified a scroll of noise
  1438 | D:2      | Identified a scroll of fear
  1525 | D:2      | Identified a +0 club
  1529 | D:2      | Identified a +0 club
  1861 | D:2      | Found a shimmering blue altar of Sif Muna.
  1861 | D:2      | Found a glowing golden altar of the Shining One.
  1984 | D:2      | Found a sparkling altar of Nemelex Xobeh.
  1984 | D:2      | Identified a +0 dagger
  2192 | D:3      | Identified a +0 club
  2192 | D:3      | Identified a +0 robe
  2192 | D:3      | Noticed Jessica
  2194 | D:3      | Identified a +0 scythe
  2194 | D:3      | Identified a +0 robe
  2194 | D:3      | Noticed Sigmund
  2195 | D:3      | Killed Jessica
  2195 | D:3      | Reached skill level 2 in Shields
  2269 | D:2      | Identified 2 scrolls of remove curse
  2272 | D:2      | Identified 2 scrolls of enchant armour
  2273 | D:2      | Identified a scroll of fog
  2274 | D:2      | Identified a scroll of magic mapping
  2275 | D:2      | Identified a potion of stabbing
  2276 | D:2      | Identified a potion of lignification
  2278 | D:3      | Identified a cursed -3 hand axe
  2287 | D:3      | Reached skill level 6 in Conjurations
  2287 | D:3      | Identified a +0 dagger
  2287 | D:3      | Identified a +0 robe
  2411 | D:3      | Identified a +0 flail
  2411 | D:3      | Identified a cursed +0 leather armour
  2417 | D:3      | Identified a +0 trident
  2420 | D:3      | Identified a +0 morningstar
  2421 | D:3      | Reached XP level 5. HP: 28/28 MP: 4/11
  2426 | D:3      | Identified a +0 short sword
  2426 | D:3      | Identified a +0 scale mail
  2447 | D:2      | Killed from afar by an orc priest

Table legend:
 A = Turns spent in this place as a percentage of turns spent in the entire game.
 B = Non-inter-level travel turns spent in this place as a percentage of non-inter-level travel turns spent in the entire game.
 C = Inter-level travel turns spent in this place as a percentage of turns spent in this place.
 D = Turns resting spent in this place as a percentage of non-inter-level travel turns spent in this place.
 E = Turns spent auto-exploring this place as a percentage of non-inter-level travel turns spent in this place.
 F = Non-inter-level travel turns spent in this place divided by the number of levels of this place that you've seen.
                   A       B       C       D       E      F
               +-------+-------+-------+-------+-------+----------------------
         Total | 100.0 | 100.0 |   6.6 |  35.8 |  51.2 | 762.0
       Dungeon | 100.0 | 100.0 |   6.6 |  35.8 |  51.2 | 762.0
               +-------+-------+-------+-------+-------+----------------------

Table legend:
 A = Kills in this place as a percentage of kills in entire the game.
 B = Kills by you in this place as a percentage of kills by you in the entire game.
 C = Kills by friends in this place as a percentage of kills by friends in the entire game.
 D = Other kills in this place as a percentage of other kills in the entire game.
 E = Experience gained in this place as a percentage of experience gained in the entire game.
 F = Experience gained in this place divided by the number of levels of this place that you have seen.
                   A       B       C       D       E      F
               +-------+-------+-------+-------+-------+----------------------
         Total | 100.0 | 100.0 |   N/A |   N/A | 100.0 |  78.7
       Dungeon | 100.0 | 100.0 |   N/A |   N/A | 100.0 |  78.7
               +-------+-------+-------+-------+-------+----------------------

Skill      XL: |  1  2  3  4 |
---------------+-------------+-----
Conjurations   | 5 6 |  6.1
Shields        | 1 2 |  2.5
Dodging        | |  2.4
Stealth        | |  2.4
Spellcasting   | |  3.0

Action                   |  1- 3 |  4- 6 || total
-------------------------+-------+-------++-------
 Cast: Magic Dart        |    66 |    53 ||   119
  Use: Scroll            |     2 |     8 ||    10
  Eat: Ration            |     1 |     1 ||     2
Armor: Robe              |     1 |     2 ||     3
Dodge: Dodged            |     4 |    11 ||    15
Block: Buckler           |     1 |     4 ||     5

Vanquished Creatures
  A centaur skeleton (D:3)
  Jessica (D:3)
  2 gnolls (D:2)
  3 adders
  2 oozes (D:2)
  An adder skeleton (D:2)
  A dart slug (D:1)
  A leopard gecko (D:1)
  3 orcs (D:3)
  8 goblins
  5 hobgoblins
  8 kobolds
  A quokka (D:3)
  A ball python (D:1)
  6 bats
  2 frilled lizards
  7 rats
53 creatures vanquished.
